 Dungeon Crawl Stone Soup version 0.28.0-53-g5a82cb258f (webtiles) character file.

Game seed: 13339882147693291314

60 fuccboisucc420 the Grave Robber (level 3, -2/24 HPs)
             Began as a Demonspawn Necromancer on July 18, 2022.
             Succumbed to an adder's poison
             ... on level 2 of the Dungeon.
             The game lasted 00:07:51 (2204 turns).

fuccboisucc420 the Grave Robber (DsNe)              Turns: 2204, Time: 00:07:52

Health: -2/24      AC:  2    Str:  8    XL:     3   Next: 80%
Magic:  4/7        EV: 12    Int: 18    God:
Gold:   37         SH:  0    Dex: 13    Spells: 6/7 levels left

rFire   . . .      SeeInvis .   f - +4 whip (elec)
rCold   . . .      Faith    .   (no shield)
rNeg    . . .      Spirit   .   a - +0 robe
rPois   .          Reflect  .   (helmet restricted)
rElec   .          Harm     .   (no cloak)
rCorr   .          Rampage  .   (no gloves)
Will    .....                   (no boots)
Stlth   ++........              (no amulet)
HPRegen 0.08/turn               (no ring)
MPRegen 0.10/turn               (no ring)

@: lethally poisoned (-2 -> -17)
A: horns 1
a: no special abilities


You were on level 2 of the Dungeon.
You visited 1 branch of the dungeon, and saw 2 of its levels.

You collected 37 gold pieces.

Inventory:

Hand Weapons
 b - a +0 dagger
 f - a +4 whip of electrocution (weapon)
Armour
 a - a +0 robe (worn)
Scrolls
 d - a scroll of noise {unknown}
Potions
 c - a potion of heal wounds
 e - a potion of mutation {unknown}


   Skills:
 + Level 0.1 Short Blades
 + Level 2.0 Dodging
 + Level 1.9 Stealth
 + Level 2.7 Spellcasting
 + Level 5.3 Necromancy


You had 6 spell levels left.
You knew the following spells:

 Your Spells              Type           Power      Damage    Failure   Level
a - Pain                  Necr           84%        1d8       1%          1

Your spell library contained the following spells:

 Spells                   Type           Power      Damage    Failure   Level
 Animate Skeleton         Necr           42%        N/A       1%          1
 Vampiric Draining        Necr           21%        2d7       5%          3
 Animate Dead             Necr           10%        N/A       19%         4
 Agony                    Necr           21%        N/A       45%         5


Dungeon Overview and Level Annotations

Branches:
Dungeon (2/15)

Altars:


Innate Abilities, Weirdness & Mutations

You have a pair of small horns on your head.


Message History

Confirm with . or Enter, or press ? or * to list all spells.
Aiming: Pain (safe; 1% risk of failure)
Press: ? - help, Shift-Dir - straight line, f - adder, p - bat
Aim: an adder (chance to affect: 85%)
The adder writhes in agony.
The bat hits you but does no damage. The bat barely misses you.
Casting: Pain (safe; 1% risk of failure)
Confirm with . or Enter, or press ? or * to list all spells.
Aiming: Pain (safe; 1% risk of failure)
Press: ? - help, Shift-Dir - straight line, f/p - adder
Aim: an adder (moderately wounded, chance to affect: 85%)
The adder writhes in agony.
The bat closely misses you. The adder bites you.
You are poisoned.
The adder poisons you!
You barely miss the adder. Your headbutt misses the adder.
The adder is severely wounded.
You feel sick. The bat misses you. The adder bites you.
You are more poisoned.
The adder poisons you!
You closely miss the adder.
The adder is severely wounded.
You feel sick. The bat misses you. The adder bites you.
The adder bites you but does no damage.
You barely miss the adder. Your headbutt misses the adder.
The adder is severely wounded.
You feel sick. The bat closely misses you. The adder bites you.
You are lethally poisoned!
The adder poisons you!
You closely miss the adder.
The adder is severely wounded.
* * * LOW HITPOINT WARNING * * *
You feel very sick. The adder bites you.
* * * LOW HITPOINT WARNING * * *
You are more poisoned.
The adder poisons you! The bat hits you but does no damage.
The adder barely misses you.
You hit the adder.
You kill the adder!
You die...

.. #...# ......
###..### .....
##......# .....
#..####.# .#..
#####.#####... #...
.#.........##...#
P.P.........##..##
PP≈≈.............
PP≈P.....@........
≈≈PP......b........
P≈.##....#.#.#...
P≈...###.........
..h #.#....... ...
.......... ..
.#.....#.. ## ...?#


You could see a bat.

Vanquished Creatures
  A gnoll (D:1)
  2 adders
  3 ball pythons (D:1)
  4 bats
  5 endoplasms
  A goblin (D:2)
  A hobgoblin (D:1)
  8 jackals (D:1)
  2 quokkas (D:1)
  4 frilled lizards (D:2)
  3 kobolds (D:1)
  4 rats
38 creatures vanquished.

Vanquished Creatures (others)
  A fungus (D:1)
  11 plants
  4 toadstools (D:1)
16 creatures vanquished.

Grand Total: 54 creatures vanquished

Notes
Turn   | Place    | Note
-------+----------+-------------------------------------------
     0 | D:1      | fuccboisucc420 the Demonspawn Necromancer began the quest
                  | for the Orb.
     0 | D:1      | Reached XP level 1. HP: 13/13 MP: 3/3
   155 | D:1      | Gained mutation: You have a pair of small horns on your
                  | head. [demonic ancestry]
   155 | D:1      | Reached XP level 2. HP: 5/19 MP: 0/5
   578 | D:1      | Reached skill level 5 in Necromancy
  1107 | D:1      | Reached XP level 3. HP: 24/24 MP: 6/6
  1322 | D:1      | Found a faded altar of an unknown god.
  1710 | D:1      | HP: 1/24 [poisoned by an adder]
  2204 | D:2      | Succumbed to an adder's poison

Illustrated notes

Levels and vault maps discovered:
D:1:      ldierk_water_garden, layout_basic,
          shapermc_ecumenical_altar_hornbeckon, hangedman_decor_growths,
          moated_statue
D:2:      layout_rooms, serial_bayou, serial_bayou_lagoon_a,
          serial_bayou_ford_a, serial_bayou_pond_e, serial_bayou_lagoon_b,
          serial_bayou_pond_c

Skill      XL: |  1  2  3 |
---------------+----------+-----
Necromancy     | 5 |  5.3
Dodging        | 2 |  2.0
Short Blades   | |  0.1
Stealth        | |  1.9
Spellcasting   | |  2.7

Action                   || total
-------------------------++-------
Melee: Dagger            ||    27
       Headbutt          ||    14
       Whip              ||    57
       Punch             ||     1
 Cast: Pain              ||    57
  Use: Scroll            ||     5
       Potion            ||     1
Armor: Robe              ||    12
Dodge: Dodged            ||    44
